 Dungeon Crawl Stone Soup version 0.29-a0-506-ga2e7fffb44 (webtiles) character file.

Game seed: 13517024411203664136

43 quokkamancerX the Shooter (level 3, -4/27 HPs)
             Began as a Demonspawn Hunter on May 29, 2022.
             Slain by a goblin
             ... wielding a +0 dagger
             ... led by Robin
              (5 damage)
             ... on level 2 of the Dungeon.
             The game lasted 00:03:37 (1072 turns).

quokkamancerX the Shooter (Demonspawn Hunter)       Turns: 1072, Time: 00:03:38

Health: -4/27      AC:  4    Str: 11    XL:     3   Next: 37%
Magic:  3/3        EV: 12    Int: 10    God:
Gold:   148        SH:  0    Dex: 18    Spells: 2/2 levels left

rFire   . . .      SeeInvis .   a - +1 shortbow
rCold   . . .      Faith    .   (shield currently unavailable)
rNeg    . . .      Spirit   .   b - +0 leather armour
rPois   .          Reflect  .   f - +0 helmet
rElec   .          Harm     .   (no cloak)
rCorr   .          Rampage  .   (no gloves)
Will    .....                   (no boots)
Stlth   ++........              (no amulet)
HPRegen 0.09/turn               (no ring)
MPRegen 0.08/turn               (no ring)

@: no status effects
A: powered by death 2
a: no special abilities


You were on level 2 of the Dungeon.
You visited 1 branch of the dungeon, and saw 2 of its levels.

You collected 148 gold pieces.

Inventory:

Hand Weapons
 a - a +1 shortbow (weapon)
Armour
 b - a +0 leather armour (worn)
 f - a +0 helmet (worn)
Scrolls
 c - 2 scrolls of immolation
 d - 3 scrolls of identify {unknown}
 e - a scroll of summoning {unknown}
 g - a scroll of fog {unknown}
 h - a scroll of poison {unknown}
 j - a scroll of teleportation {unknown}
 m - a scroll of torment {unknown}
 n - a scroll of noise {unknown}
Potions
 i - a potion of heal wounds {unknown}
 k - a potion of flight {unknown}
 l - a potion of invisibility {unknown}


   Skills:
 - Level 2.0 Fighting
 + Level 4.2 Bows
 - Level 1.7 Dodging
 + Level 2.3 Stealth


You had 2 spell levels left.
You didn't know any spells.
Your spell library contained the following spells:

 Spells                   Type           Power      Damage    Failure   Level
 Static Discharge         Conj/Air       0%         N/A       58%         2
 Lightning Bolt           Conj/Air       0%         1d11      100%        5
 Maxwell's Capacitive Co  Air            0%         ∞         100%        8


Dungeon Overview and Level Annotations

Branches:
Dungeon (2/15)

Altars:

Annotations:
D:2 Robin


Innate Abilities, Weirdness & Mutations

You regenerate health from kills.


Message History

Robin, a hobgoblin and 3 goblins come into view.
The hobgoblin shouts!
Robin shouts!
You hear a shout!
The goblin shouts! x2
Robin roars a battlecry!
The goblins go into a battle-frenzy!
You hear a shout!
You shoot an arrow. The arrow hits the goblin.
You kill the goblin!
You hear a shout!
A goblin comes into view. It is wielding a +2 dagger of flaming.
Robin throws the goblin at you! The goblin hits you with a dagger.
A goblin comes into view. It is wielding a +0 dagger.
The goblin hits you with a dagger. Robin throws the goblin at you!
Robin throws the goblin at you! The goblin barely misses you.
The goblin misses you. The goblin attacks as you move away!
The goblin closely misses you. The goblin attacks as you move away!
The goblin hits you with a +0 dagger.
You see here a ball python corpse.
The goblin no longer looks unusually strong. x2
Robin roars a battlecry!
The goblins go into a battle-frenzy!
Robin throws the goblin at you! The goblin attacks as you move away!
The goblin closely misses you. The goblin attacks as you move away!
The goblin hits you with a +0 club. The goblin attacks as you move away!
The goblin hits you with a +0 dagger.
* * * LOW HITPOINT WARNING * * *
The goblin no longer looks unusually strong.
The goblin attacks as you move away! The goblin hits you but does no damage.
The goblin no longer looks unusually strong.
Robin roars a battlecry!
The goblins go into a battle-frenzy!
The goblin attacks as you move away! The goblin hits you but does no damage.
The goblin attacks as you move away! The goblin hits you with a +0 dagger.
* * * LOW HITPOINT WARNING * * *
The goblin no longer looks unusually strong.
Okay, then.
The goblin attacks as you move away! The goblin hits you with a +0 dagger.
* * * LOW HITPOINT WARNING * * *
The goblin attacks as you move away! The goblin hits you with a +0 dagger.
You die...

#.# #....# #.#### #g#
#....# #..... #g#
###### #..### #.#
#..# #g# ####### #..#
#g# #.....# #..###
#.# #.....# #.....
#g######.....###.....
#.gg@..'.....+.#.....
########.....#.#.....
#....<†............
#.#######'####.....
#.)........#.....
#.###...##)#.....
.......##.#..#..
.#.....##.#..#.#
#.....##.#.....


You could see 3 goblins.

Vanquished Creatures
  A worm (D:2)
  An endoplasm (D:1)
  A giant cockroach (D:1)
  5 hobgoblins
  4 kobolds
  A quokka (D:2)
  6 ball pythons
  3 bats (D:1)
  6 frilled lizards (D:1)
  6 goblins
  3 rats (D:1)
37 creatures vanquished.

Vanquished Creatures (others)
  7 plants (D:1)
7 creatures vanquished.

Grand Total: 44 creatures vanquished

Notes
Turn   | Place    | Note
-------+----------+-------------------------------------------
     0 | D:1      | quokkamancerX the Demonspawn Hunter began the quest for the
                  | Orb.
     0 | D:1      | Reached XP level 1. HP: 16/16 MP: 1/1
    99 | D:1      | Reached skill level 1 in Stealth
   281 | D:1      | Gained mutation: You regenerate a little health from kills.
                  | [demonic ancestry]
   281 | D:1      | Reached XP level 2. HP: 22/22 MP: 2/2
   517 | D:1      | Reached skill level 4 in Bows
   774 | D:2      | Gained mutation: You regenerate health from kills. [demonic
                  | ancestry]
   774 | D:2      | Reached XP level 3. HP: 27/27 MP: 3/3
  1036 | D:2      | Noticed Robin
  1070 | D:2      | HP: 1/27 [goblin/+0 dagger[Robin] (3)]
  1072 | D:2      | Slain by a goblin

Illustrated notes

Levels and vault maps discovered:
D:1:      ncdulo_halloftheorcs, layout_basic, minmay_lizard_king
D:2:      layout_basic, minmay_strange_pillars, uniq_sigmund, uniq_robin

Skill      XL: |  1  2 |
---------------+-------+-----
Stealth        | 1 2 |  2.3
Bows           | 4 |  4.2
Fighting       | |  2.0
Dodging        | |  1.7

Action                   || total
-------------------------++-------
 Fire: Shortbow          ||    99
Armor: Leather armour    ||     5
Dodge: Dodged            ||    20

Table legend: (Time is in decaauts)
 A = Elapsed time spent in this place.
 B = Non-inter-level travel time spent in this place.
 C = Inter-level travel time spent in this place.
 D = Time resting spent in this place.
 E = Time spent auto-exploring this place.
 F = Levels seen in this place.
 G = Mean time per level.
                   A        B        C        D        E       F      G
               +--------+--------+--------+--------+--------+-----+--------+
         Total |   1105 |   1088 |     17 |     33 |    809 |   2 |  552.5 |
       Dungeon |   1105 |   1088 |     17 |     33 |    809 |   2 |  552.5 |
               +--------+--------+--------+--------+--------+-----+--------+

Top non-repeatable levels by time:
     D:1: 789 daAuts
     D:2: 315 daAuts
